 Dungeon Crawl Stone Soup version 0.31-a0-408-gb642c7f9a3 (webtiles) character file.

Game seed: 15516646005627598222

130 Gelion the Changeling (level 5, -4/35 HPs)
             Began as an Octopode Shapeshifter on July 29, 2023.
             Killed by divine providence
             ... invoked by an orc priest
              (15 damage)
             ... on level 3 of the Dungeon.
             The game lasted 00:03:24 (1706 turns).

Gelion the Changeling (Octopode Shapeshifter)       Turns: 1706, Time: 00:03:25

Health: -4/35      AC:  1    Str: 14    XL:     5   Next: 13%
Magic:  5/5        EV: 13    Int: 13    God:
Gold:   126        SH:  0    Dex: 15    Spells: 4/4 levels left

rFire   + . .        j - +7 sling of the Snake Pit {freeze, Fly rElec rF+ Int+3}
rCold   . . .        (no shield)
rNeg    . . .        (helmet currently unavailable)
rPois   .            (no amulet)
rElec   +            (no ring)
rCorr   .            (no ring)
SInv    .            (no ring)
Will    .....        (no ring)
Stlth   ++           (no ring)
HPRegen 0.25/turn    (no ring)
MPRegen 0.09/turn    (no ring)
                     (no ring)

%: no passive effects
@: beast-form, flying
A: beast (slay +2), almost no armour, amphibious, 8 rings, camouflage 1,
gelatinous body 1, (nimble swimmer 1), tentacles
a: Begin Untransformation


You were on level 3 of the Dungeon.
You were a hulking beast.
You visited 1 branch of the dungeon, and saw 3 of its levels.

You collected 126 gold pieces.

Inventory:

Hand Weapons
 e - a +3 dagger of holy wrath
 j - the +7 sling of the Snake Pit (weapon) {freeze, Fly rElec rF+ Int+3}
   (You found it on level 2 of the Dungeon)

   Int:       It affects your intelligence (+3).
   rF:        It protects you from fire.
   rElec:     It insulates you from electricity.
   Fly:       It grants you flight.
Talismans
 b - a beast talisman
 k - a serpent talisman
Potions
 a - 2 potions of lignification
 d - 3 potions of curing
 h - a potion of might {unknown}
 i - a potion of invisibility {unknown}


   Skills:
 + Level 2.4 Fighting
 - Level 2.0 Dodging
 + Level 3.8 Unarmed Combat
 * Level 4.1 Shapeshifting


You had 4 spell levels left.
You didn't know any spells.
Your spell library contained the following spells:

 Spells                   Type           Power      Damage    Failure   Level
 Kiss of Death            Conj/Necr      0%         2d5       30%         1
 Confusing Touch          Hex            0%         N/A       67%         3
 Dispel Undead            Necr           0%         3d6       97%         4


Dungeon Overview and Level Annotations

Branches:
Dungeon (3/15)

Altars:

Shops:
D:1 [   D:2 *


Innate Abilities, Weirdness & Mutations

You are a hulking beast.
Your limbs bulge with bestial killing power. (Slay +2)
You cannot wear most types of armour.
You are amphibious.
You can wear up to eight rings at the same time.
Your skin changes colour to match your surroundings (Stealth+).
Your rubbery body absorbs attacks. (AC +1, EV +1)
((You are camouflaged when in or above water. (Stealth+)))
You have tentacles for arms and can constrict up to eight enemies at once.


Message History

The sling bullet barely misses the orc priest.
The sling bullet hits the rat!
The sling bullet freezes the rat.
You kill the rat!
An orc comes into view. It is wielding a +0 war axe.
Unknown command.
You shoot a sling bullet.
The sling bullet closely misses the orc priest.
The sling bullet barely misses the orc.
A hobgoblin comes into view.
Unknown command.
You shoot a sling bullet.
The sling bullet completely misses the orc priest.
The sling bullet hits the orc.
The sling bullet freezes the orc.
The orc is severely wounded.
An orc comes into view. It is wielding a +0 short sword.
Unknown command.
The orc priest calls upon Beogh to heal the orc.
The orc's wounds heal themselves!
The orc shouts!
There is an open door here.
The orc priest invokes the aid of Beogh against you.
Beogh smites you!
You are too injured to fight recklessly!
Unknown command.
Fire: j) +7 sling of the Snake Pit {freeze, Fly rElec rF+ Int+3}
Press: ? - help, Q - select action Shift-Dir - straight line, f/p - orc priest
Aim: an orc priest, wielding a +0 short sword and wearing a +0 leather armour (heavily wounded, 68% to hit)
You shoot a sling bullet.
The sling bullet hits the orc priest but does no damage.
The orc priest is heavily wounded.
Fire: j) +7 sling of the Snake Pit {freeze, Fly rElec rF+ Int+3}
Press: ? - help, Q - select action Shift-Dir - straight line, f/p - orc priest
Aim: an orc priest, wielding a +0 short sword and wearing a +0 leather armour (heavily wounded, 68% to hit)
You shoot a sling bullet. The sling bullet hits the orc.
The sling bullet freezes the orc.
The orc is severely wounded.
Something hits you.
The orc priest mumbles some strange prayers to Beogh against you.
Beogh smites you!
You die...

######## ##$:..o.######
.......o'h...#####
##......###......#
....o...# #......#
..)?....# #......#
........#####'###########
.........................
###############..#######.
###)..### #.......####


You could see an orc priest and 2 orcs.

Vanquished Creatures
  An orc priest (D:3)
  An orc wizard (D:3)
  2 gnolls (D:3)
  An adder (D:2)
  A worm (D:2)
  A dart slug (D:1)
  3 orcs (D:3)
  A bat (D:1)
  5 endoplasms
  A giant cockroach (D:2)
  2 goblins (D:1)
  4 hobgoblins
  4 kobolds
  7 ball pythons
  7 frilled lizards
  4 rats
45 creatures vanquished.

Notes
Turn   | Place    | Note
-------+----------+-------------------------------------------
     0 | D:1      | Gelion the Octopode Shapeshifter began the quest for the
                  | Orb.
     0 | D:1      | Reached XP level 1. HP: 13/13 MP: 1/1
    96 | D:1      | Reached XP level 2. HP: 11/18 MP: 2/2
   167 | D:1      | Found Tyonucru's Armour Shop.
   678 | D:1      | Reached XP level 3. HP: 23/23 MP: 3/3
   798 | D:2      | Found Nezevea Syva's General Store.
   874 | D:2      | Found a faded altar of an unknown god.
   976 | D:2      | Identified the +7 sling of the Snake Pit {freeze, Fly rElec
                  | rF+ Int+3}
  1523 | D:3      | Reached XP level 4. HP: 5/29 MP: 4/4
  1526 | D:3      | Reached skill level 4 in Shapeshifting
  1643 | D:3      | Reached XP level 5. HP: 35/35 MP: 5/5
  1706 | D:3      | Killed from afar by an orc priest

Illustrated notes

Levels and vault maps discovered:
D:1:      scummos_arrival_gate, layout_loops_ring, serial_shops, shop,
          st_stairs_5
D:2:      layout_loops_ring, serial_shops, nicolae_shop_waterfront,
          hellmonk_ecumenical_altar_zigzags, grunt_ministairs_10
D:3:      layout_basic, evilmike_ruin_ashenzari

Skill      XL: |  1  2  3  4 |
---------------+-------------+-----
Fighting       | 2 |  2.4
Shapeshifting  | 4 |  4.1
Dodging        | |  2.0
Unarmed Combat | |  3.8

Action                     |  1- 3 |  4- 6 || total
---------------------------+-------+-------++-------
  Melee: Unarmed           |    17 |       ||    17
         Constrict         |    13 |       ||    13
         Dagger            |    28 |       ||    28
         Tentacles         |     7 |       ||     7
         Punch             |     1 |       ||     1
   Fire: Sling             |    12 |    18 ||    30
    Use: Scroll            |     4 |       ||     4
   Stab: Sleeping          |     6 |       ||     6
 Armour: Skin              |     3 |       ||     3
  Dodge: Dodged            |    15 |       ||    15

Table legend: (Time is in decaauts)
 A = Elapsed time spent in this place.
 B = Non-inter-level travel time spent in this place.
 C = Inter-level travel time spent in this place.
 D = Time resting spent in this place.
 E = Time spent auto-exploring this place.
 F = Levels seen in this place.
 G = Mean time per level.
                   A        B        C        D        E       F      G
               +--------+--------+--------+--------+--------+-----+--------+
         Total |   1714 |   1643 |     71 |      0 |   1428 |   3 |  571.3 |
       Dungeon |   1714 |   1643 |     71 |      0 |   1428 |   3 |  571.3 |
               +--------+--------+--------+--------+--------+-----+--------+

Top non-repeatable levels by time:
     D:2: 764 daAuts
     D:1: 736 daAuts
     D:3: 214 daAuts
